 Dungeon Crawl Stone Soup version 0.31-a0-662-g684573625c (webtiles) character file.

Game seed: 4854576718246925771

14651 arthad the Blocker (level 12, -12/80 HPs)
             Began as a Gargoyle Fighter on Sept 1, 2023.
             Was a High Priest of Okawaru.
             Mangled by a boulder beetle (37 damage)
             ... on level 13 of the Dungeon.
             The game lasted 00:18:00 (11920 turns).

arthad the Blocker (Gargoyle Fighter)              Turns: 11920, Time: 00:18:01

Health: -12/80     AC: 27    Str: 21 (24) XL:     12   Next: 18%
Magic:  19/21      EV: 11    Int: 15 (16) God:    Okawaru [*****.]
Gold:   869        SH: 12    Dex:  6 (9)  Spells: 11/11 levels left

rFire   + . .        x - +6 war axe
rCold   . . .        c - +0 buckler
rNeg    + . .        V - +0 scale mail {rF+}
rPois   ∞            g - +1 helmet
rElec   +            F - +0 cloak
rCorr   .            p - +0 pair of gloves
SInv    .            I - +0 pair of boots
Will    .....        o - amulet of reflection
Stlth   +            j - +6 ring of intelligence
HPRegen 0.33/turn    m - ring of magical power
MPRegen 0.17/turn

%: reflection
@: heroic
A: sickness immunity, AC +8, negative energy resistance 1, electricity
resistance, torment resistance 1, petrification resistance
a: Renounce Religion, Heroism, Finesse, Duel


You were on level 13 of the Dungeon.
You worshipped Okawaru.
Okawaru was extremely pleased with you.
You visited 2 branches of the dungeon, and saw 14 of its levels.

You collected 869 gold pieces.

Inventory:

Hand Weapons
 a - a +0 war axe
 r - a +1 hand axe of flaming
 x - a +6 war axe (weapon)
 A - a +1 war axe of flaming
 U - the +6 hand axe "Jinlo" {antimagic, rN+ Will+ Int-4}
   (Okawaru gifted it to you on level 11 of the Dungeon)

   Int-4:     It affects your intelligence (-4).
   rN+:       It protects you from negative energy.
   Will+:     It increases your willpower.
Missiles
 k - 2 curare-tipped darts
 n - 15 boomerangs (quivered)
 s - a throwing net
Armour
 b - a +0 scale mail
 c - a +0 buckler (worn)
 g - a +1 helmet (worn)
 p - a +0 pair of gloves (worn)
 v - +0 steam dragon scales
 F - a +0 cloak (worn)
 I - a +0 pair of boots (worn)
 V - a +0 scale mail of fire resistance (worn)
Jewellery
 j - a +6 ring of intelligence (left hand)
 m - a ring of magical power (right hand)
 o - an amulet of reflection (around neck)
 B - a ring of wizardry
 D - a ring of resist corrosion
 P - a ring of ice
Wands
 q - a wand of light (8)
 y - a wand of roots (20)
 z - a wand of polymorph (13)
 L - a wand of flame (9)
Scrolls
 f - 6 scrolls of teleportation
 h - 3 scrolls of fear
 i - 3 scrolls of vulnerability
 l - a scroll of revelation
 t - 2 scrolls of enchant armour
 u - a scroll of enchant weapon
 w - a scroll of poison {unknown}
 E - a scroll of torment {unknown}
 G - 2 scrolls of blinking {unknown}
 J - 2 scrolls of fog {unknown}
 N - 2 scrolls of identify
 Q - 2 scrolls of immolation {unknown}
 T - a scroll of noise {unknown}
Potions
 d - 2 potions of might
 e - 2 potions of enlightenment
 C - 2 potions of curing
 H - a potion of brilliance
 K - a potion of experience {unknown}
 M - a potion of lignification {unknown}
 O - a potion of magic
 R - 3 potions of degeneration


   Skills:
 + Level 11.2(16.2) Fighting
 + Level 9.2(14.2) Axes
 + Level 11.2(16.2) Armour
 + Level 11.2(16.2) Shields


You had 11 spell levels left.
You didn't know any spells.
Your spell library contained the following spells:

 Spells                   Type           Power      Damage    Failure   Level
 Ensorcelled Hibernation  Hex/Ice        0%         N/A       65%         2
 Dazzling Flash           Conj/Hex       0%         N/A       86%         3
 Volatile Blastmotes      Fire/Tloc      0%         2d10      86%         3
 Anguish                  Hex/Necr       0%         N/A       99%         4
 Fulminant Prism          Conj/Hex       0%         3d5       99%         4
 Iskenderun's Mystic Bla  Conj/Tloc      0%         2d3       99%         4
 Agony                    Necr           0%         N/A       100%        5
 Silence                  Hex/Air        0%         N/A       100%        5
 Orb of Destruction       Conj           0%         9d5       100%        7
 Summon Guardian Golem    Hex/Summ       Unusable   N/A       N/A         3
 Spellforged Servitor     Conj/Summ      Unusable   N/A       N/A         7

Dungeon Overview and Level Annotations

Branches:
Dungeon (13/15)            Temple (1/1) D:7            Lair (0/5) D:8
    Orc (0/2) D:9
 Vaults: D:13-14

Altars:
Ashenzari
Cheibriados
Dithmenos
Elyvilon
Fedhas
Gozag
Hepliaklqana
Kikubaaqudgha
Makhleb
Nemelex Xobeh
Okawaru
Qazlal
Ru
Sif Muna
Trog
Uskayaw
Vehumet
Wu Jian
Xom
Yredelemnul
Zin
The Shining One

Shops:
D:3 [

Annotations:
D:6 2 runed translucent doors, Age's ghost, novice MiFi


Innate Abilities, Weirdness & Mutations

You are immune to sickness and miasma.
Your stone body is resilient. (AC +8)
You are immune to poison.
You resist negative energy. (rN+)
You are resistant to electric shocks. (rElec)
You are resistant to unholy torment.
You are immune to petrification.


Message History

The orc wizard is heavily wounded.
You slash the boulder beetle! The boulder beetle barely misses you.
The orc wizard gestures wildly while chanting.
The orc wizard flickers and vanishes!
Deactivating autopickup; reactivate with Ctrl-A.
You block the orc wizard's attack.
You miss the orc wizard.
The orc wizard is heavily wounded.
You hit the boulder beetle. The boulder beetle bites you.
The orc wizard gestures wildly while chanting.
The orc wizard flickers and vanishes!
The boulder beetle misses you. You block something's attack.
An orc comes into view. It is wielding a +0 mace.
You barely miss something. You slash the boulder beetle!
The boulder beetle leaps!
Throw: 15 boomerangs
Press: ? - help, Q - select action, (/) - cycle Shift-Dir - straight line, f - orc
Aim: an orc, wielding a +0 mace and wearing a +0 ring mail (60% to hit)
Okay, then.
Okay, then.
Okay, then.
You gain the combat prowess of a mighty hero.
The boulder beetle curls into a ball and begins rolling!
Something hits you but does no damage.
You slash something! x2
Okawaru accepts your kill.
Reactivating autopickup.
You feel a bit more experienced.
Deactivating autopickup; reactivate with Ctrl-A.
You barely miss something. The orc closely misses you.
Something hits you but does no damage.
There is an open door here.
You slash the orc!
You kill the orc!
Okawaru accepts your kill.
You hit something.
You hear some strange, mumbled words.
A puff of flame appears from out of thin air!
The puff of flame hits you. You resist. The boulder beetle hits you!!!
You die...

..#..#.# #..
#.##†#.# ..
#..#.#.#
#<.#.#.+####+
#°.#.#.......
#.##°#.'########
#....°°○........
#.....#)B.#..#.
########@## .#.#
.......{.#.○.B#
.........'....+
.........#....#
###############


You could see a boulder beetle (rolling).

Vanquished Creatures
  4 two-headed ogres
  A deep elf pyromancer (D:12)
  A manticore (D:11)
  A cyclops (D:11)
  3 ugly things
  A gargoyle (D:11)
  An unseen horror (D:11)
  2 trolls (D:11)
  4 slime creatures (D:12)
  10 yaks
  8 wraiths
  A wyvern (D:9)
  3 steam dragons
  A vampire mosquito (D:13)
  2 acid dragons
  A water moccasin (D:7)
  8 orc warriors
  2 sky beasts
  2 black bears
  An ice beast (D:8)
  4 ogres
  8 centaurs
  A kobold brigand (D:9)
  3 bullfrogs
  2 gnoll sergeants (D:12)
  2 scorpions
  6 wights
  6 killer bees
  7 howler monkeys
  4 centaur zombies (D:8)
  2 jellies
  5 hounds
  A gnoll bouda (D:8)
  15 orc priests
  3 iguanas
  8 orc wizards
  A killer bee zombie (D:8)
  2 howler monkey zombies (D:8)
  11 gnolls
  5 adders
  A white imp (D:7)
  4 dart slugs
  A worm (D:2)
  47 orcs
  6 ball pythons
  8 endoplasms
  3 giant cockroaches
  6 hobgoblins
  5 jackals (D:1)
  4 quokkas
  6 bats
  2 frilled lizards (D:2)
  4 goblins
  8 kobolds
  4 rats
262 creatures vanquished.

Vanquished Creatures (others)
  A kobold brigand (D:10)
  A bullfrog (D:7)
2 creatures vanquished.

Grand Total: 264 creatures vanquished

Notes
Turn   | Place    | Note
-------+----------+-------------------------------------------
     0 | D:1      | arthad the Gargoyle Fighter began the quest for the Orb.
     0 | D:1      | Reached XP level 1. HP: 14/14 MP: 1/1
   116 | D:1      | Reached XP level 2. HP: 19/19 MP: 2/2
   662 | D:2      | Reached XP level 3. HP: 20/24 MP: 3/3
   870 | D:2      | Found a faded altar of an unknown god.
  1304 | D:3      | Found Yheteman's Armour Shop.
  2198 | D:4      | Reached XP level 4. HP: 20/29 MP: 4/4
  2396 | D:4      | Reached XP level 5. HP: 33/33 MP: 5/5
  2944 | D:5      | Entered Level 5 of the Dungeon
  2952 | D:5      | Reached XP level 6. HP: 38/39 MP: 6/6
  3116 | D:5      | Noticed a black bear
  3126 | D:5      | Killed a black bear
  3127 | D:5      | Reached skill level 5 in Fighting
  3234 | D:5      | Found an ancient bone altar of Kikubaaqudgha.
  3234 | D:5      | Found a hazy altar of Hepliaklqana.
  3370 | D:5      | Reached skill level 5 in Armour
  3370 | D:5      | Reached skill level 5 in Shields
  3370 | D:5      | Reached XP level 7. HP: 38/44 MP: 7/7
  3461 | D:5      | Found a glowing silver altar of Zin.
  3924 | D:6      | Reached XP level 8. HP: 13/51 MP: 8/8
  4319 | D:6      | Found a large runed translucent door.
  4320 | D:6      | Found a large runed translucent door.
  4373 | D:6      | Noticed Age's ghost (novice MiFi)
  4477 | D:7      | Reached skill level 5 in Axes
  4668 | D:7      | Found a white marble altar of Elyvilon.
  4738 | D:7      | Reached XP level 9. HP: 52/57 MP: 9/9
  5256 | D:7      | Found a staircase to the Ecumenical Temple.
  5448 | Temple   | Entered the Ecumenical Temple
  5463 | Temple   | Became a worshipper of Warmaster Okawaru
  5623 | D:7      | Found a stormy altar of Qazlal.
  5892 | D:8      | Found a staircase to the Lair.
  5987 | D:8      | Reached * piety under Okawaru
  6801 | D:9      | Noticed a two-headed ogre
  6810 | D:9      | Killed a two-headed ogre
  6810 | D:9      | Reached ** piety under Okawaru
  6811 | D:9      | Reached XP level 10. HP: 16/65 MP: 10/10
  7376 | D:9      | Found a staircase to the Orcish Mines.
  7531 | D:9      | Reached *** piety under Okawaru
  7684 | D:10     | Entered Level 10 of the Dungeon
  7696 | D:10     | Found a burning altar of Makhleb.
  7696 | D:10     | Noticed a balrug
  7734 | D:10     | Noticed a two-headed ogre
  7748 | D:10     | Killed a two-headed ogre
  7901 | D:10     | Noticed a two-headed ogre
  7902 | D:10     | Found a sparkling altar of Nemelex Xobeh.
  7929 | D:10     | Killed a two-headed ogre
  8203 | D:10     | Found a shimmering blue altar of Sif Muna.
  8435 | D:10     | Reached XP level 11. HP: 42/72 MP: 11/11
  8435 | D:10     | Reached **** piety under Okawaru
  8959 | D:11     | Reached skill level 10 in Fighting
  8960 | D:11     | Reached skill level 10 in Armour
  8960 | D:11     | Reached skill level 10 in Shields
  9180 | D:11     | Noticed a manticore
  9183 | D:11     | Noticed a two-headed ogre
  9195 | D:11     | Killed a two-headed ogre
  9199 | D:11     | Noticed a cyclops
  9202 | D:11     | Killed a manticore
  9206 | D:11     | Reached ***** piety under Okawaru
  9211 | D:11     | You fall into a shaft and drop 1 floor!
  9409 | D:12     | Noticed a deep elf pyromancer
  9423 | D:12     | Killed a deep elf pyromancer
  9627 | D:12     | Noticed a brown ugly thing
  9635 | D:12     | Killed a brown ugly thing
  9843 | D:11     | Identified the +6 hand axe "Jinlo" {antimagic, rN+ Will+
                  | Int-4} (Okawaru gifted it to you on level 11 of the
                  | Dungeon)
  9843 | D:11     | Received a gift from Okawaru
  9955 | D:11     | Killed a cyclops
 10422 | D:11     | Noticed a green ugly thing
 10433 | D:11     | Killed a green ugly thing
 10526 | D:11     | Noticed a purple ugly thing
 10533 | D:11     | Reached XP level 12. HP: 45/80 MP: 12/12
 11902 | D:13     | Noticed a boulder beetle
 11920 | D:13     | Mangled by a boulder beetle

Illustrated notes

Levels and vault maps discovered:
D:1:      ebering_trefoil_twist, layout_loops_ring
D:2:      layout_rooms, dreamdust_ecumenical_altar_hidden_monk_grotto
D:3:      layout_basic, serial_shops, shop
D:4:      layout_loops_ring
D:5:      layout_gridville, gammafunk_temple_overflow_statue, zin_scriptorium
D:6:      nicolae_whirlpool, layout_rooms, ebering_ghost_disaster_area
D:7:      layout_loops_cross, nicolae_qazlal_eye_of_the_storm, elyvilon_altar_3,
          temple_hall, minmay_misc_feat_roman
D:8:      layout_basic, lair_entry_dummy, serial_undead, serial_undead_e,
          serial_undead_a, serial_undead_c, serial_undead_e, item_on_display_a
D:9:      minmay_angry_zag, layout_rooms, orc_david_3
D:10:     layout_roguey, mainiacjoe_overflow_catwalk_spiral,
          makhleb_altar_promises_db, hex_intersection
D:11:     minmay_razor_zed, layout_gridville, hex_large
D:12:     layout_roguey, special_room [special_room_orc]
D:13:     layout_grid_maze, david_vaults_2, minivault_11, uniq_azrael
Temple:   eino_narrow_crystal_temple

Skill      XL: |  1  2  3  4  5  6  7  8  9 10 11 12 |
---------------+-------------------------------------+-----
Axes           | 2 3 4 5 6 7 8 9 |  9.2
Fighting       | 4 5 7 8 9 11 | 11.2
Armour         | 4 5 6 8 9 10 11 | 11.2
Shields        | 4 5 7 8 9 11 | 11.2

Action                     |  1- 3 |  4- 6 |  7- 9 | 10-12 || total
---------------------------+-------+-------+-------+-------++-------
  Melee: War axe           |   124 |   110 |   123 |   421 ||   778
         Hand axe          |       |       |   164 |       ||   164
  Throw: Boomerang         |       |     1 |     1 |    29 ||    31
 Invoke: Heroism           |       |       |       |     4 ||     4
  Evoke: Wand              |       |     2 |     3 |     1 ||     6
    Use: Scroll            |       |       |     4 |     3 ||     7
         Potion            |       |       |     1 |     6 ||     7
   Stab: Invisible         |       |     1 |     2 |     1 ||     4
 Armour: Scale mail        |    86 |    99 |   225 |   336 ||   746
  Dodge: Dodged            |    60 |    54 |   117 |   162 ||   393
  Block: Buckler           |    26 |    44 |   163 |   250 ||   483
         Reflection        |       |       |    11 |    20 ||    31

Table legend: (Time is in decaauts)
 A = Elapsed time spent in this place.
 B = Non-inter-level travel time spent in this place.
 C = Inter-level travel time spent in this place.
 D = Time resting spent in this place.
 E = Time spent auto-exploring this place.
 F = Levels seen in this place.
 G = Mean time per level.
                   A        B        C        D        E       F      G
               +--------+--------+--------+--------+--------+-----+--------+
         Total |  12180 |  11733 |    447 |   1039 |   8549 |  14 |  870.0 |
       Dungeon |  12148 |  11730 |    418 |   1039 |   8549 |  13 |  934.5 |
        Temple |     31 |      3 |     28 |      0 |      0 |   1 |   31.0 |
               +--------+--------+--------+--------+--------+-----+--------+

Top non-repeatable levels by time:
    D:11: 1557 daAuts
    D:12: 1432 daAuts
     D:7: 1211 daAuts
    D:10: 1146 daAuts
     D:8: 1129 daAuts
     D:3: 1020 daAuts
     D:9: 919 daAuts
     D:6: 898 daAuts
     D:4: 781 daAuts
     D:5: 681 daAuts
     D:1: 674 daAuts
     D:2: 541 daAuts
    D:13: 154 daAuts
  Temple: 31 daAuts
